 Dungeon Crawl Stone Soup version 0.26.1-11-gd32895ea62 (webtiles) character file.

Game seed: 11048011599280745652

32 nomophobia the Skirmisher (level 3, 0/29 HPs)
             Began as a Demonspawn Abyssal Knight on May 18, 2021.
             Was a Follower of Lugonu.
             Succumbed to an adder's poison
             ... on level 2 of the Dungeon.
             The game lasted 00:17:40 (973 turns).

nomophobia the Skirmisher (DsAK)                     Turns: 973, Time: 00:17:41

Health: 0/29       AC:  4    Str: 13    XL:     3   Next: 10%
Magic:  4/4        EV: 11    Int: 13    God:    Lugonu [*.....]
Gold:   100        SH:  0    Dex: 12    Spells: 2/2 levels left

rFire    + . .     SeeInvis .   (no weapon)
rCold    . . .     Faith    .   (no shield)
rNeg     . . .     Spirit   .   b - +0 leather armour
rPois    .         Reflect  .   (helmet restricted)
rElec    .         Harm     .   c - +0 cloak
rCorr    .         Rampage  .   (no gloves)
Will     .....                  (no boots)
Stlth    +.........             (no amulet)
HPRegen  0.09/turn              (no ring)
MPRegen  0.09/turn              (no ring)

@: lethally poisoned (0 -> -3), very slightly contaminated, invisible
A: antennae 1, claws 2, fire resistance 1
a: Renounce Religion, Depart the Abyss


You were on level 2 of the Dungeon.
You worshipped Lugonu.
Lugonu was aware of your devotion.
You visited 1 branch of the dungeon, and saw 2 of its levels.
You visited the Abyss 1 time.

You collected 100 gold pieces.

Inventory:

Hand Weapons
 a - a +1 spear
 k - a +1 hand axe of flaming
Armour
 b - a +0 leather armour (worn)
 c - a +0 cloak (worn)
Scrolls
 g - 2 scrolls of teleportation
 h - a scroll of remove curse {unknown}
 i - a scroll of amnesia {unknown}
 j - 3 scrolls of enchant armour {unknown}


   Skills:
 * Level 3.5 Fighting
 - Level 2.1 Polearms
 * Level 2.2 Armour
 - Level 0.8 Dodging
 * Level 0.5 Unarmed Combat
 - Level 2.4 Invocations


You had 2 spell levels left.
You didn't know any spells.
Your spell library was empty.

Dungeon Overview and Level Annotations

Branches:
Dungeon (2/15)

Altars:
Cheibriados


Innate Abilities, Weirdness & Mutations

You have a pair of small antennae on your head.
Your flesh is heat resistant. (rF+)
You have very sharp fingernails.


Message History

You feel sick.
Your surroundings suddenly seem different.
* * * LOW HITPOINT WARNING * * *
You feel sick.
A goblin comes into view.
The goblin shouts!
* * * LOW HITPOINT WARNING * * *
You feel sick.
A bat comes into view.
* * * LOW HITPOINT WARNING * * *
You feel sick.
* * * LOW HITPOINT WARNING * * *
You feel sick.
It was a potion of invisibility.
You fade into invisibility!
You are very lightly contaminated with residual magic.
You claw the goblin!
You kill the goblin!
Lugonu accepts your kill.
You die...

#.#.# #. #.#.#
#. # #.#.#
####. .# #.#.#
.....#######.##
#.#.#
#..........#
#...<
#..........#
###..
#...........b#
#..
#..@......#..#
#.. #.........#
.# ##.
#.........#
>.......
...........#
#######.
##.##########
#. #. #. #. ..
#. #. #.


There were no monsters in sight!

Vanquished Creatures
  An adder (D:2)
  A dart slug (D:1)
  A leopard gecko (D:1)
  A giant cockroach (D:1)
  4 hobgoblins (D:1)
  3 jackals (D:1)
  A bat (D:1)
  2 goblins
  2 kobolds (D:1)
  5 rats
21 creatures vanquished.

Notes
Turn   | Place    | Note
-------+----------+-------------------------------------------
     0 | Abyss:1  | nomophobia the Demonspawn Abyssal Knight began the quest
                  | for the Orb.
     0 | Abyss:1  | Reached XP level 1. HP: 18/18 MP: 2/2
   115 | Abyss:1  | Noticed a wretched star
   116 | D:1      | Escaped the Abyss
   297 | D:1      | Gained mutation: You have a pair of small antennae on your
                  | head. [demonic ancestry]
   297 | D:1      | Reached XP level 2. HP: 22/24 MP: 3/3
   420 | D:1      | Reached * piety under Lugonu
   796 | D:1      | Gained mutation: You have sharp fingernails. [potion of
                  | mutation]
   796 | D:1      | Gained mutation: You have very sharp fingernails. [potion
                  | of mutation]
   883 | D:2      | Found a snail-covered altar of Cheibriados.
   960 | D:2      | Gained mutation: Your flesh is heat resistant. (rF+)
                  | [demonic ancestry]
   960 | D:2      | Reached XP level 3. HP: 7/29 MP: 4/4
   970 | D:2      | HP: 1/29 [poisoned by an adder]
   973 | D:2      | Succumbed to an adder's poison

Illustrated notes

Levels and vault maps discovered:
D:1:      lightli_molten_gateway, layout_loops_ring, minmay_octomino_j4
D:2:      layout_basic, nicolae_overflow_crystal_walls

Skill      XL: |  1  2 |
---------------+-------+-----
Polearms       | 2 |  2.1
Armour         | 2 |  2.2
Fighting       | |  3.5
Dodging        | |  0.8
Unarmed Combat | |  0.5
Invocations    | |  2.4

Action                   || total
-------------------------++-------
Melee: Spear             ||    46
       Unarmed           ||    14
Invok: Depart the Abyss  ||     1
  Use: Scroll            ||     4
       Potion            ||     2
Armor: Leather armour    ||     8
Dodge: Dodged            ||    26
